 Dungeon Crawl Stone Soup version 0.27-a0-46-g34d46f0a3f (webtiles) character file.

Game seed: 14795455312104830180

43 Borgoz the Ruffian (level 3, -2/30 HPs)
             Began as a Ghoul Gladiator on Jan 6, 2021.
             Slain by a goblin (5 damage)
             ... led by Robin
             ... on level 1 of the Dungeon.
             The game lasted 00:01:39 (1692 turns).

Borgoz the Ruffian (Ghoul Gladiator)                Turns: 1692, Time: 00:01:40

Health: -2/30      AC:  7    Str: 17    XL:     3   Next: 58%
Magic:  11/11      EV: 10    Int:  3    God:
Gold:   80         SH:  0    Dex: 11    Spells: 2/2 levels left

rFire    . . .     SeeInvis .     - Unarmed
rCold    + . .     Faith    .   (no shield)
rNeg     + + +     Spirit   .   d - +0 scale mail
rPois    ∞         Reflect  .   b - +0 helmet
rElec    .         Harm     .   (no cloak)
rCorr    .         Rampage  .   (no gloves)
Will     .....                  (no boots)
Stlth    ..........             h - amulet of the acrobat
HPRegen  0.00/turn              (no ring)
MPRegen  0.12/turn              e - ring of magical power

@: no status effects
A: claws 1, cold resistance 1, negative energy resistance 3, inhibited
regeneration, torment resistance, unbreathing
a: no special abilities


You were on level 1 of the Dungeon.
You visited 1 branch of the dungeon, and saw 2 of its levels.

You collected 80 gold pieces.

Inventory:

Missiles
 c - 3 throwing nets (quivered)
Armour
 b - a +0 helmet (worn)
 d - a +0 scale mail (worn)
Jewellery
 e - a ring of magical power (right claw)
 h - an amulet of the acrobat (around neck)
Scrolls
 a - a scroll of amnesia
 f - a scroll of identify


   Skills:
 + Level 2.7 Fighting
 - Level 1.7 Throwing
 * Level 3.2 Dodging
 * Level 4.0 Unarmed Combat


You had 2 spell levels left.
You didn't know any spells.
Your spell library was empty.

Dungeon Overview and Level Annotations

Branches:
Dungeon (2/15)

Altars:

Annotations:
D:2 Robin


Innate Abilities, Weirdness & Mutations

You thrive by killing the living.
You are immune to poison.
You have sharp fingernails.
Your flesh is cold resistant. (rC+)
You are immune to negative energy. (rN+++)
You do not regenerate when monsters are visible.
You are immune to unholy pain and torment.
You can survive without breathing.


Message History

There is a stone staircase leading up here.
You see here 2 stones.
The goblin hits you but does no damage.
Robin roars a battlecry!
The goblins go into a battle-frenzy!
You climb upwards.
There is a stone staircase leading down here.
You are too injured to fight recklessly!
You are too injured to fight recklessly!
You are too injured to fight recklessly!
You closely miss the goblin.
The goblin is moderately wounded.
The goblin hits you.
* * * LOW HITPOINT WARNING * * *
You scratch the goblin but do no damage.
The goblin is moderately wounded.
Your scale mail prevents you from hitting the goblin.
The goblin is moderately wounded.
The goblin hits you.
You die...

#........########.####.#.........
#.....#†........#....#.#.###.####
#.....#########.#....#.#.###.####
'.....+..........................
#.....#########.#......#.###.####
#.....# #.#......#.###.####
#.....# #............#.....
#.....###########(.###.##########
)..............g@................
.............##.#÷..#############
#.....######.##.#...#...##### ##.
#.....# #.##.#...#.#.#...###.≈
####### #.##.#...#.#.#.♣.P..≈≈
#.##.#.#.#.#.'.....≈≈≈
#.##.........'.≈..≈≈≈≈
#......#.#.#.#.P≈≈≈≈≈≈
########.#.#.#...≈..PP


You could see a goblin (strong).

Vanquished Creatures
  An adder (D:1)
  2 leopard geckos
  2 giant cockroaches
  10 goblins
  2 hobgoblins (D:1)
  3 kobolds (D:1)
  4 bats
  A frilled lizard (D:1)
  7 rats (D:1)
32 creatures vanquished.

Notes
Turn   | Place    | Note
-------+----------+-------------------------------------------
     0 | D:1      | Borgoz the Ghoul Gladiator began the quest for the Orb.
     0 | D:1      | Reached XP level 1. HP: 17/17 MP: 0/0
   281 | D:1      | Reached XP level 2. HP: 12/25 MP: 1/1
  1236 | D:1      | Reached XP level 3. HP: 8/30 MP: 2/2
  1495 | D:2      | Reached skill level 4 in Unarmed Combat
  1655 | D:2      | Noticed Robin
  1692 | D:1      | Slain by a goblin

Illustrated notes

Levels and vault maps discovered:
D:1:      lightli_arrival_windingriver, layout_basic, minmay_worlds_worst_comb
D:2:      layout_rooms, tso_altar, uniq_robin

Skill      XL: |  1  2  3 |
---------------+----------+-----
Dodging        | 3 |  3.2
Unarmed Combat | 4 |  4.0
Fighting       | |  2.7
Throwing       | |  1.7

Action                   || total
-------------------------++-------
Melee: Unarmed           ||   130
  Use: Potion            ||     3
       Scroll            ||     3
Armor: Leather armour    ||    32
       Scale mail        ||    13
Dodge: Dodged            ||   127

Table legend: (Time is in decaauts)
 A = Elapsed time spent in this place.
 B = Non-inter-level travel time spent in this place.
 C = Inter-level travel time spent in this place.
 D = Time resting spent in this place.
 E = Time spent auto-exploring this place.
 F = Levels seen in this place.
 G = Mean time per level.
                   A        B        C        D        E       F      G
               +--------+--------+--------+--------+--------+-----+--------+
         Total |   1665 |   1642 |     23 |    480 |    903 |   2 |  832.5 |
       Dungeon |   1665 |   1642 |     23 |    480 |    903 |   2 |  832.5 |
               +--------+--------+--------+--------+--------+-----+--------+

Top non-repeatable levels by time:
     D:1: 1449 daAuts
     D:2: 216 daAuts
